Map: Pillars of Gold LE

Players

JimRising

  • Race: Zerg Zerg
  • League: Grandmaster
  • Spawn Location: 7:00

Erik - Winner!

  • Race: Zerg Zerg
  • Spawn Location: 1:00

Event: DreamHack SC2 Masters 2020 Fall

VOD

Have the link to the VOD?

Description

Time

  • Played on: Aug. 27, 2020, 5:49 p.m.
  • Length: 9:30

All games in this series

Show
View Real Time Build Order
Export as new Build Order

JimRising Zerg 

Build Orders: Hatch First 

Get SALT Encoding   

  12  0:00  Drone  
  13  0:13  Overlord  
  13  0:18  Drone  
  14  0:31  Drone  
  14  0:32  Drone  
  16  0:51  Hatchery  
  16  0:54  Drone  
  16  0:58  Drone  
  16  1:01  Drone  
  18  1:08  Extractor  
  17  1:18  Spawning Pool  
  16  1:21  Drone  
  16  1:24  Drone  
  18  1:29  Drone  
  19  1:40  Overlord  
  19  2:05  Zergling x6  
  19  2:08  Queen  
  24  2:12  Zergling x2  
  25  2:16  Spine Crawler  
  25  2:17  Zergling x2  
  25  2:22  Spine Crawler  
  24  2:33  Zergling x4  
  18  2:58  Zergling x2  
  17  3:10  Zergling x4  
  19  3:19  Spine Crawler  
  18  3:24  Drone  
  19  3:30  Drone  
  20  3:40  Drone  
  21  3:47  Drone x3  
  24  3:51  Drone  
  25  4:03  Extractor, Lair  
  24  4:11  Drone  
  24  4:16  Drone x2  
  27  4:18  Drone  
  27  4:23  Overlord  
  28  4:29  Drone  
  29  4:36  Overlord  
  29  5:02  Spire  
  28  5:16  Drone x2, Hatchery  
  29  5:24  Queen  
  31  5:34  Overlord  
  30  5:45  Drone  
  30  5:46  Drone x3  
  34  5:50  Zergling x2  
  33  6:11  Queen  
  33  6:15  Mutalisk x2  
  33  6:17  Mutalisk  
  41  6:25  Mutalisk x2  
  42  6:30  Zergling x2  
  46  6:39  Mutalisk  
  39  7:00  Drone  
  40  7:02  Hatchery  
  40  7:04  Queen  
  41  7:10  Drone x2  
  43  7:24  Mutalisk  
  43  7:26  Overlord  
  43  7:29  Zergling x2  
  47  7:30  Zergling x2  
  47  7:46  Extractor  
  47  7:47  Drone x2  
  48  7:56  Mutalisk  
  50  7:58  Drone x2  
  52  8:10  Drone  
  49  8:16  Mutalisk  
  49  8:18  Drone  
  50  8:27  Mutalisk  
  50  8:30  Drone x4  
  56  8:40  Drone x2  
  58  8:47  Drone  
  59  8:49  Evolution Chamber  
  59  8:50  Roach Warren  
  59  8:52  Drone  
  59  8:55  Drone x2  
Show
View Real Time Build Order
Export as new Build Order

Erik Zerg - Winner!

Build Orders: 1 Base Baneling Bust, Pool First 

Get SALT Encoding   

  12  0:18  Spawning Pool  
  11  0:23  Drone  
  11  0:27  Drone  
  13  0:30  Extractor  
  13  0:35  Drone  
  13  0:44  Overlord  
  13  1:05  Zergling x4  
  13  1:07  Zergling x2  
  16  1:13  Baneling Nest  
  16  1:17  Zergling x2  
  16  1:29  Zergling x2  
  18  1:40  Zergling x2  
  18  1:50  Zergling x2  
  19  1:58  Baneling x3  
  19  2:04  Spine Crawler  
  18  2:09  Spine Crawler  
  17  2:15  Baneling  
  17  2:20  Drone  
  18  2:28  Drone  
  18  2:40  Drone x2  
  18  3:03  Drone  
  18  3:04  Drone  
  18  3:14  Baneling x2  
  18  3:25  Drone  
  19  3:28  Hatchery  
  19  3:30  Zergling x2  
  19  3:41  Queen  
  19  3:46  Drone  
  22  3:53  Overlord  
  22  4:04  Metabolic Boost  
  22  4:12  Drone x3  
  25  4:21  Queen  
  27  4:26  Drone  
  28  4:34  Evolution Chamber  
  28  4:38  Overlord  
  27  4:43  Drone  
  27  4:45  Drone  
  28  4:54  Drone x3  
  31  5:03  Zerg Ground Armor Level 1  
  31  5:11  Overlord  
  31  5:16  Zergling x4  
  33  5:23  Zergling x2  
  33  5:24  Zergling x4  
  33  5:25  Zergling x2  
  37  5:33  Zergling x6  
  39  5:44  Zergling x2  
  39  5:45  Zergling x6  
  43  5:54  Zergling x2  
  43  5:55  Zergling x2  
  44  6:03  Zergling x4  
  46  6:06  Drone x3  
  46  6:07  Overlord  
  49  6:12  Queen  
  49  6:16  Baneling  
  49  6:17  Baneling  
  51  6:29  Drone x3  
  51  6:30  Drone x2  
  54  6:39  Zergling x4  
  57  6:40  Zergling x8  
  54  6:52  Queen x2  
  52  6:55  Drone x2  
  52  6:57  Drone  
  52  7:00  Spore Crawler  
  54  7:03  Spore Crawler  
  54  7:06  Drone x2  
  55  7:15  Overlord  
  55  7:28  Queen  
  57  7:31  Queen, Hatchery  
  57  7:35  Zerg Melee Weapons Level 1  
  58  7:41  Spore Crawler  
  57  7:45  Spore Crawler  
  53  8:17  Zergling x28  
  53  8:19  Queen  
  66  8:21  Lair  
  66  8:25  Overlord x2  
  65  8:35  Drone x2  
  65  8:37  Drone x2, Extractor  
  65  8:38  Extractor  
  65  8:44  Queen  
  65  8:45  Spore Crawler  
  65  8:46  Spore Crawler  
  65  8:49  Drone x3  
  65  8:53  Drone x2  
  65  8:54  Baneling  
  70  9:00  Drone x3  
  73  9:16  Drone x2  
  74  9:20  Extractor  

Tags
 
Add a new tag
Caveats
  • Supply blocks, unpowered buildings, or Contaminate may cause inaccurate times.
  • Supply counts are checked every 10 seconds.